Map: Eternal Empire LE

Players

Zaechus

  • Race: Protoss Protoss
  • League: Diamond
  • Spawn Location: 7:00

Tidgey - Winner!

  • Race: Terran Terran
  • League: Diamond
  • Spawn Location: 1:00

VOD

Have the link to the VOD?

Description

Time

  • Played on: Aug. 3, 2020, 3:03 p.m.
  • Length: 6:12
Show
View Real Time Build Order
Export as new Build Order

Zaechus Protoss 

Build Orders: 1 Gate Expand 

Get SALT Encoding   

  12  0:00  Probe  
  13  0:12  Probe  
  14  0:17  Pylon  
  14  0:24  Probe (Chrono Boost)  
  15  0:36  Probe (Chrono Boost)  
  15  0:39  Gateway  
  16  0:43  Assimilator  
  16  0:46  Probe (Chrono Boost)  
  17  0:54  Probe  
  18  1:06  Probe  
  19  1:18  Probe  
  19  1:25  Nexus  
  20  1:36  Cybernetics Core  
  20  1:38  Probe  
  21  1:46  Assimilator  
  21  1:50  Probe  
  22  1:59  Pylon  
  22  2:02  Probe  
  23  2:12  Warp Gate  
  23  2:14  Probe  
  23  2:15  Stalker (Chrono Boost)  
  23  2:22  Probe  
  27  2:31  Probe  
  27  2:36  Stalker  
  28  2:37  Probe  
  28  2:43  Twilight Council  
  31  2:44  Probe  
  31  2:49  Probe  
  33  2:56  Probe  
  33  2:58  Pylon  
  34  3:01  Probe  
  35  3:09  Robotics Facility, Probe  
  36  3:13  Probe  
  36  3:19  Stalker  
  39  3:21  Probe  
  39  3:25  Probe  
  41  3:33  Probe  
  42  3:37  Probe  
  43  3:43  Gateway  
  43  3:45  Gateway  
  43  3:56  Pylon  
  43  3:58  Observer (Chrono Boost), Probe  
  43  4:00  Probe  
  43  4:01  Pylon  
  46  4:03  Assimilator  
  46  4:07  Assimilator  
  46  4:10  Probe  
  46  4:12  Stalker  
  46  4:13  Probe  
  50  4:22  Probe  
  50  4:23  Warp Prism  
  51  4:25  Probe  
  54  4:32  Pylon  
  54  4:34  Probe  
  54  4:35  Pylon  
  54  4:37  Probe  
  56  4:38  Stalker  
  58  4:46  Probe  
  58  4:50  Pylon  
  59  4:56  Stalker x2  
  61  5:16  Stalker  
  58  5:25  Stalker  
  48  5:41  Stalker  
  43  5:45  Probe x2  
  43  5:49  Pylon  
  30  5:51  Stalker  
  24  5:57  Probe x2  
  17  6:05  Stalker  
Show
View Real Time Build Order
Export as new Build Order

Tidgey Terran - Winner!

Build Orders:  

Get SALT Encoding   

  12  0:00  SCV  
  13  0:12  SCV  
  14  0:17  Supply Depot  
  14  0:25  SCV  
  15  0:36  Refinery  
  15  0:39  SCV  
  16  0:46  Barracks  
  16  0:51  SCV  
  17  1:03  SCV  
  18  1:16  SCV  
  19  1:28  SCV  
  19  1:32  Marine  
  21  1:39  Refinery  
  21  1:40  Orbital Command  
  21  1:46  Factory  
  21  2:05  Barracks Reactor  
  21  2:07  Barracks  
  21  2:09  SCV  
  22  2:16  Supply Depot  
  22  2:21  SCV  
  23  2:32  Starport  
  23  2:38  SCV  
  23  2:41  Marine  
  23  2:42  Marine  
  26  2:47  Factory Tech Lab  
  26  2:50  Barracks, SCV  
  27  2:59  Supply Depot  
  27  3:00  Marine x2  
  27  3:02  SCV  
  27  3:03  Marine  
  31  3:20  Medivac  
  31  3:24  SCV  
  34  3:29  Factory Tech Lab  
  34  3:30  Supply Depot  
  34  3:31  Stimpack  
  34  3:32  Marine x3  
  37  3:46  Marine  
  38  3:49  Marine  
  38  3:51  Medivac  
  38  3:54  Marine  
  42  4:07  Command Center  
  42  4:09  Marine  
  43  4:10  Marine  
  43  4:13  Marine  
  45  4:22  Supply Depot  
  45  4:28  Marine  
  45  4:30  Barracks Tech Lab  
  46  4:42  Marine  
  46  4:43  Marine  
  48  4:47  Combat Shield  
  48  4:52  Marine  
  49  4:53  Marine  
  49  4:54  Starport Tech Lab  
  49  4:55  SCV  
  49  4:57  Widow Mine  
  53  5:26  Marine x4  
  53  5:37  SCV  
  54  5:44  Marine x4  
  54  6:00  SCV  
Tags
 
Add a new tag
Caveats
  • Supply blocks, unpowered buildings, or Contaminate may cause inaccurate times.
  • Supply counts are checked every 10 seconds.